 Dungeon Crawl Stone Soup version 0.21.1-1-g345015fe64 (webtiles) character file.

59 Gargoyl the Skirmisher (level 3, 0/31 HPs)
             Began as a Centaur Abyssal Knight on July 19, 2018.
             Was a Follower of Lugonu.
             Succumbed to an adder's poison
             ... on level 2 of the Dungeon.
             The game lasted 00:02:48 (1124 turns).

Gargoyl the Skirmisher (Centaur Abyssal Knight)     Turns: 1124, Time: 00:02:48

Health: 0/31       AC:  9    Str: 19    XL:     3   Next: 78%
Magic:  4/4        EV:  3    Int: 11    God:    Lugonu [*.....]
Gold:   63         SH:  0    Dex:  9    Spells: 2/2 levels left

rFire    . . .     SeeInvis .   a - +2 hand axe
rCold    . . .     Gourm    .   (no shield)
rNeg     . . .     Faith    .   e - +0 plate armour
rPois    .         Spirit   .   (no helmet)
rElec    .         Reflect  .   (no cloak)
rCorr    .         Harm     .   (no gloves)
MR       .....                  (no barding)
Stlth    ..........             (no amulet)
HPRegen  0.10/turn              (no ring)
MPRegen  0.09/turn              (no ring)

@: mighty, lethally poisoned (0 -> -11), flying, very quick
A: large, hooves 3, deformed body, speed 2, tough skin 3
a: Depart the Abyss, Renounce Religion


You were on level 2 of the Dungeon.
You worshipped Lugonu.
Lugonu was aware of your devotion.
You were not hungry.

You visited 1 branch of the dungeon, and saw 2 of its levels.
You visited the Abyss 1 time.

You collected 63 gold pieces.

Inventory:

Hand Weapons
 a - a +2 hand axe (weapon)
Armour
 b - a +0 leather armour
 e - a +0 plate armour (worn)
Scrolls
 f - a scroll of blinking {unknown}
 g - a scroll of identify {unknown}
 h - a scroll of random uselessness {unknown}
 i - a scroll of teleportation {unknown}
 j - 4 scrolls of remove curse {unknown}
Comestibles
 c - 3 rations


   Skills:
 + Level 3.6 Fighting
 + Level 2.1 Axes
 * Level 2.2 Armour
 + Level 0.6 Dodging
 * Level 2.4 Invocations


You had 2 spell levels left.
You didn't know any spells.

Dungeon Overview and Level Annotations

Branches:
Dungeon (2/15)

Altars:


Innate Abilities, Weirdness & Mutations

You have hooves in place of feet.
Armour fits poorly on your strangely shaped body.
You cover ground very quickly.
You have extremely tough skin. (AC +3)


Message History

* * * LOW HITPOINT WARNING * * *
You feel sick. The adder bites you.
* * * LOW HITPOINT WARNING * * *
The adder skeleton bites the withered plant but does no damage.
You hit the adder.
You kill the adder!
Lugonu accepts your kill.
Your Axes skill increases to level 2!
* * * LOW HITPOINT WARNING * * *
You feel sick.
Unknown command.
You slash the adder skeleton!
You destroy the adder skeleton!
Lugonu accepts your kill.
* * * LOW HITPOINT WARNING * * *
You feel sick.
* * * LOW HITPOINT WARNING * * *
You feel sick.
Unknown command.
You die...

## #. ..# ... #.# ...
#.##### ####. ......## .
.. #.#.. ...#
#..?####.#.#.##.# #
.$.......#.#.##.# #
#@......#.# #
#.##.##.#.# #
......P.##.##.#.# #####
..≈≈≈≈§.##......####....
...≈§§P§####........>...
...§Z§§§# #....####....
..≈≈§§P§# #....# #####
...§... ####.# # ... #.#
#


You could see a bat skeleton.

Vanquished Creatures
  2 adders (D:2)
  2 adder skeletons (D:2)
  A dart slug (D:1)
  2 leopard geckos (D:1)
  2 giant cockroaches (D:1)
  7 goblins (D:1)
  5 hobgoblins
  4 kobolds (D:1)
  2 bats
  A giant cockroach zombie (D:2)
  4 rats
32 creatures vanquished.

Notes
Turn   | Place    | Note
-------+----------+-------------------------------------------
     0 | Abyss:1  | Gargoyl the Centaur Abyssal Knight began the quest for the Orb.
     0 | Abyss:1  | Reached XP level 1. HP: 19/19 MP: 2/2
   111 | Abyss:2  | Noticed a large abomination
   155 | Abyss:2  | Noticed an ancient zyme
   160 | Abyss:2  | Noticed a small abomination
   170 | Abyss:2  | Found a bloodstained altar of Trog.
   180 | Abyss:2  | Noticed a small abomination
   182 | Abyss:2  | Noticed an iron imp
   188 | Abyss:2  | Noticed a great orb of eyes
   193 | Abyss:2  | Noticed a small abomination
   197 | Abyss:2  | Noticed an ancient zyme
   202 | D:1      | Escaped the Abyss
   434 | D:1      | Reached XP level 2. HP: 23/26 MP: 3/3
   464 | D:1      | Reached * piety under Lugonu
   748 | D:1      | Reached XP level 3. HP: 28/31 MP: 4/4
  1123 | D:2      | HP: 1/31 [poisoned by an adder]
  1124 | D:2      | Succumbed to an adder's poison

Skill      XL: |  1  2  3 |
---------------+----------+-----
Armour         | 2 |  2.2
Axes           | 2 |  2.1
Fighting       | |  3.6
Dodging        | |  0.6
Invocations    | |  2.4

Action                   || total
-------------------------++-------
Melee: Hand axe          ||    91
       Kick              ||    13
Invok: Depart the Abyss  ||     1
  Use: Scroll            ||     2
       Potion            ||     3
Armor: Plate armour      ||   107
Dodge: Dodged            ||    12
